 Dungeon Crawl Stone Soup version 0.21-a0-404-g291f19a (webtiles) character file.

7924 Mamutox the Cleaver (level 11, -1/95 HPs)
             Began as a Hill Orc Fighter on Oct 31, 2017.
             Was an Elder of Okawaru.
             Killed from afar by a raiju (11 damage)
             ... with a living lightning
             ... on level 2 of the Abyss.
             The game lasted 00:54:57 (9884 turns).

Mamutox the Cleaver (Hill Orc Fighter)              Turns: 9884, Time: 00:54:58

Health: -1/95      AC: 15    Str: 28      XL:     11   Next: 22%
Magic:  0/17       EV: 14    Int: 10      God:    Okawaru [****..]
Gold:   420        SH: 14    Dex: 12 (13) Spells: 9/10 levels left

rFire    . . .     SeeInvis .   a - +1 war axe
rCold    . . .     Gourm    .   c - +0 shield
rNeg     + . .     Faith    .   b - +0 scale mail
rPois    .         Spirit   +   l - +0 helmet
rElec    .         Reflect  .   D - +0 cloak
rCorr    .         Harm     .   u - +2 pair of gloves
MR       .....     Rnd*Tele +   (no boots)
Stlth    +.........             s - amulet of guardian spirit
HPRegen  0.00/turn              C - +6 ring of intelligence
MPRegen  0.15/turn              B - ring "Bummeck" {*Tele rN+ Str+6}

@: heroism, very slightly contaminated
A: deterioration 1, [dopey 2], mutation resistance 1, [inhibited regeneration],
strong 1, [no potion heal 2], [subdued magic 2]
a: Heroism, Renounce Religion


You were on level 2 of the Abyss.
You worshipped Okawaru.
Okawaru was greatly pleased with you.
You were not hungry.

You visited 2 branches of the dungeon, and saw 10 of its levels.
You visited the Abyss 1 time.

You collected 420 gold pieces.

Inventory:

Hand Weapons
 a - a +1 war axe (weapon)
 j - a +0 hunting sling
 A - a +3 quarterstaff of chaos
 M - a +3 blowgun
Missiles
 e - 223 stones
 q - 40 poisoned needles
 z - 40 sling bullets
 F - 12 tomahawks (quivered)
Armour
 b - a +0 scale mail (worn)
 c - a +0 shield (worn)
 l - a +0 helmet (worn)
 u - a +2 pair of gloves (worn)
 D - a +0 cloak (worn)
Jewellery
 s - an amulet of guardian spirit (around neck)
 y - a +2 ring of dexterity
 B - the ring "Bummeck" (right hand) {*Tele rN+ Str+6}
   (You took it off a gnoll on level 5 of the Dungeon)

   [ring of teleportation]

   It may teleport you next to monsters.
   It affects your strength (+6).
   It protects you from negative energy.
 C - a +6 ring of intelligence (left hand)
 I - an uncursed ring of resist corrosion
Wands
 E - a wand of enslavement (10/24)
 K - a wand of flame (28/48)
Scrolls
 o - 2 scrolls of teleportation
 p - 2 scrolls of remove curse
 r - 4 scrolls of recharging
 w - a scroll of amnesia
 H - a scroll of enchant weapon
Potions
 d - 2 potions of might
 h - a potion of heal wounds
 i - 2 potions of cancellation
 n - 2 potions of berserk rage
 x - 4 potions of degeneration
 J - a potion of magic {unknown}
Books
 G - a book of Battle

   Spells                             Type                      Level
   a - Infusion                       Charms                       1
   b - Shroud of Golubria             Charms/Translocation         2
   c - Song of Slaying                Charms                       2
   d - Spectral Weapon                Hexes/Charms                 3
   e - Regeneration                   Charms/Necromancy            3
Comestibles
 f - 5 bread rations
 g - 24 fruits
 m - 3 royal jellies
 v - 2 meat rations


   Skills:
 + Level 8.3(13.3) Fighting
 + Level 13.4(18.4) Axes
 + Level 6.9(11.9) Armour
 + Level 3.5(8.5) Dodging
 + Level 0.2(5.2) Stealth
 + Level 8.0(13.0) Shields
 * Level 2.2 Charms
 * Level 8.0 Invocations


You had 9 spell levels left.
You knew the following spells:

 Your Spells              Type           Power        Failure   Level  Hunger
a - Infusion              Chrm           #...         26%         1    ##.....


Dungeon Overview and Level Annotations

Branches:
Dungeon (9/15)             Temple (1/1) D:4
   Lair: D:8-11         Orc: D:9-12

Altars:
Ashenzari
Cheibriados
Dithmenos
Elyvilon
Fedhas
Gozag
Hepliaklqana
Kikubaaqudgha
Makhleb
Nemelex Xobeh
Okawaru
Qazlal
Ru
Sif Muna
Trog
Uskayaw
Vehumet
Wu Jian
Xom
Yredelemnul
Zin
The Shining One

Annotations:
D:9 Cenon's ghost, novice GnTm; Psyche


Innate Abilities, Weirdness & Mutations

Your body sometimes deteriorates upon taking damage.
You are somewhat resistant to further mutation.
Your muscles are strong. (Str +2)
[You are very dopey. (Int -4)]
[You do not regenerate when monsters are visible.]
[Potions are poor at restoring your health.]
[Your spells are easier to cast, but less powerful.]


Message History

* * * LOW HITPOINT WARNING * * *
The living lightning hits you!
* * * LOW HITPOINT WARNING * * *
The raiju blinks!
Blink to where?
Press: ? - help, Dir - move target cursor, p - raiju You are very lightly contaminated with residual magic.
As you read the scroll of blinking, it crumbles to dust.
An ancient zyme comes into view.
The raiju barks!
You feel yourself growing ill in the presence of the ancient zyme.
The raiju looks sick.
Okay, then.
Okay, then.
Your system partially rejects the healing.
You feel much better.
The raiju looks sick.
The raiju bursts into living lightning!
The living lightning hits the raiju.
The raiju completely resists.
The living lightning hits you!
You die...

## . ≈ .# .. #
# .. # ≈ ≈ .
#... .. ... ##.
# . ..# ##
###.#.. #≈ #
#..
#.#.###.##.. ≈
# .. ........x.
.##.# .
#.......###....
. #.........#
#..#.. ##
#...h@....# ≈ #
##.....(......≈
≈ #
#...h...#.#..≈
#...(.#.._ #. .
.(
##.h.......≈≈
###h.....#... .
#§.(....(...##
##.#...#.#[...
. # # .#.. . #


You could see an ancient zyme and 4 raiju.

Vanquished Creatures
  A two-headed ogre (D:6)
  The ghost of karf the Blocker, a novice FoFi of Ru (D:8)
  A wretched star (Abyss:2)
  A flayed ghost (D:8)
  Prince Ribbit (D:5)
  Grinder (D:6)
  4 wraiths (D:8)
  A shadow (D:8)
  3 fire bats (D:8)
  A water moccasin (D:9)
  Duvessa (D:4)
  An orc warrior (D:6)
  2 ice beasts
  3 sky beasts
  A phantom (D:7)
  A necrophage (D:6)
  5 ogres
  A centaur (D:6)
  A big kobold (D:8)
  Blork the orc (D:5)
  A bullfrog (D:7)
  Dowan (D:4)
  6 scorpions
  8 wights (D:7)
  A howler monkey (D:5)
  2 crimson imps
  A centaur zombie (D:6)
  4 jellies
  3 bullfrog zombies
  3 hounds
  Crazy Yiuf (D:3)
  6 orc priests
  A centaur skeleton (D:4)
  A gnoll shaman (D:5)
  An iguana (D:8)
  17 orc wizards
  4 worker ants
  2 hound zombies (D:7)
  2 hound skeletons
  2 howler monkey skeletons
  19 gnolls
  6 adders
  2 shadow imps
  2 adder zombies
  4 worms
  3 dart slugs
  7 leopard geckos
  46 orcs
  3 giant cockroaches
  7 goblins
  6 hobgoblins
  14 jackals
  4 quokkas
  A ball python (D:3)
  45 bats
  4 frilled lizards
  A jackal zombie (D:5)
  8 kobolds
  A quokka skeleton (D:5)
  8 rats
  A fungus (D:3)
291 creatures vanquished.

Notes
Turn   | Place    | Note
-------+----------+-------------------------------------------
     0 | D:1      | Mamutox the Hill Orc Fighter began the quest for the Orb.
     0 | D:1      | Reached XP level 1. HP: 19/19 MP: 1/1
   157 | D:1      | Reached XP level 2. HP: 22/27 MP: 2/2
   325 | D:1      | Reached skill level 3 in Axes
   447 | D:1      | Reached XP level 3. HP: 33/33 MP: 3/3
  1108 | D:2      | Found a white marble altar of Elyvilon.
  1360 | D:3      | Reached XP level 4. HP: 33/40 MP: 4/4
  1591 | D:3      | Reached skill level 1 in Dodging
  1611 | D:3      | Reached XP level 5. HP: 36/46 MP: 5/5
  1626 | D:3      | Reached skill level 5 in Shields
  2490 | D:3      | Found a runed door.
  2494 | D:3      | Noticed Crazy Yiuf
  2505 | D:3      | Killed Crazy Yiuf
  2505 | D:3      | Reached skill level 4 in Axes
  2910 | D:4      | Reached XP level 6. HP: 49/52 MP: 6/6
  3177 | D:4      | Noticed Dowan
  3180 | D:4      | Noticed Duvessa
  3191 | D:5      | Entered Level 5 of the Dungeon
  3196 | D:5      | Noticed Blork the orc
  3206 | D:5      | Killed Blork the orc
  3206 | D:5      | Reached skill level 5 in Axes
  3415 | D:5      | Reached XP level 7. HP: 56/60 MP: 7/7
  3445 | D:4      | Killed Duvessa
  3445 | D:4      | Reached skill level 6 in Axes
  3448 | D:4      | Killed Dowan
  3777 | D:4      | Reached skill level 7 in Axes
  3951 | D:4      | Found a staircase to the Ecumenical Temple.
  3959 | Temple   | Entered the Ecumenical Temple
  4180 | Temple   | Became a worshipper of the Shining One
  4211 | Temple   | Fell from the grace of the Shining One
  4211 | Temple   | Became a worshipper of Warmaster Okawaru
  4344 | D:4      | Reached skill level 5 in Fighting
  4663 | D:5      | Reached XP level 8. HP: 48/68 MP: 8/8
  4699 | D:5      | Reached skill level 8 in Axes
  4806 | D:5      | Reached skill level 1 in Invocations
  4809 | D:5      | Reached * piety under Okawaru
  4822 | D:5      | Got a glittering jade ring
  4867 | D:5      | Noticed Prince Ribbit
  4878 | D:5      | Killed Prince Ribbit
  4878 | D:5      | Reached skill level 9 in Axes
  4878 | D:5      | Reached skill level 5 in Armour
  5397 | D:6      | Reached XP level 9. HP: 71/75 MP: 11/11
  5532 | D:6      | Reached skill level 10 in Axes
  5678 | D:6      | Noticed Grinder
  5694 | D:6      | Paralysed by Grinder for 2 turns
  5702 | D:6      | Killed Grinder
  5831 | D:7      | Noticed a two-headed ogre
  6069 | D:6      | Killed a two-headed ogre
  6069 | D:6      | Reached ** piety under Okawaru
  6069 | D:6      | Reached skill level 5 in Invocations
  6273 | D:7      | Reached skill level 11 in Axes
  6699 | D:7      | Reached XP level 10. HP: 86/86 MP: 14/14
  6730 | D:6      | Gained mutation: You are somewhat resistant to further mutation. [mutagenic meat]
  7997 | D:8      | Noticed karf's ghost (novice FoFi)
  8023 | D:7      | Gained mutation: Your muscles are strong. (Str +2) [mutagenic meat]
  8026 | D:7      | Gained mutation: Your body sometimes deteriorates upon taking damage. [mutagenic meat]
  8161 | D:8      | Killed karf's ghost
  8161 | D:8      | Reached *** piety under Okawaru
  8161 | D:8      | Reached skill level 12 in Axes
  8389 | D:8      | Identified the ring "Bummeck" {*Tele rN+ Str+6} (You took it off a gnoll on level 5 of the Dungeon)
  8392 | D:8      | Learned a level 1 spell: Infusion
  8756 | D:8      | Found a shadowy altar of Dithmenos.
  8784 | D:8      | Found a runed door.
  8800 | D:8      | Reached skill level 1 in Charms
  8898 | D:8      | Found a white marble altar of Elyvilon.
  8941 | D:8      | Noticed a flayed ghost
  8952 | D:8      | Killed a flayed ghost
  8952 | D:8      | Reached **** piety under Okawaru
  8952 | D:8      | Received a gift from Okawaru
  8952 | D:8      | Reached skill level 13 in Axes
  8952 | D:8      | Reached XP level 11. HP: 91/94 MP: 12/16
  8972 | D:8      | Found a glowing silver altar of Zin.
  9000 | D:8      | Found a sacrificial altar of Ru.
  9090 | D:8      | Found a shadowy altar of Dithmenos.
  9152 | D:8      | Found a bloodstained altar of Trog.
  9476 | D:9      | Noticed Psyche
  9476 | D:9      | Noticed Cenon's ghost (novice GnTm)
  9786 | D:9      | Cast into level 1 of the Abyss (Psyche)
  9797 | Abyss:2  | Found a corrupted altar of Lugonu.
  9826 | Abyss:2  | Noticed a wretched star
  9851 | Abyss:2  | Killed a wretched star
  9882 | Abyss:2  | HP: 3/95 [raiju/living lightning (6)]
  9884 | Abyss:2  | Killed from afar by a raiju

Vault maps used:
D:1:      minmay_arrival_arboretum_small, minmay_lizard_pond
D:2:      marbit_many_paths, first_bread, kennysheep_generic_room_14
D:3:      uniq_crazy_yiuf_cottage
D:4:      minmay_temple_entry_glassed_door, uniq_duvessa
D:5:      kennysheep_steamy, kennysheep_small_spiral, nicolae_underground_beach,
          uniq_prince_ribbit1, uniq_blork_the_orc
D:6:      kennysheep_cluttered_room, uniq_grinder
D:8:      due_megacathedral, blue_anna_alchemist
D:9:      lair_entry_dummy, serial_co_window_serial, co_window_of_opportunity_a,
          co_window_of_opportunity_a, co_window_of_opportunity_a,
          co_window_corner_a, co_window_of_opportunity_a, co_window_broadway_b,
          co_window_corner_ca, co_window_corner_b, co_window_unsneaky_path_b,
          co_window_broadway_a, co_window_unsneaky_path_b, co_window_broadway_c,
          glass_columns_b, glass_columns_b, glass_columns_a, glass_columns_b,
          uniq_psyche
Temple:   nicolae_temple_the_god_donut
Abyss:2:  hangedman_abyss_or_decor_clamps

Skill      XL: |  1  2  3  4  5  6  7  8  9 10 11 |
---------------+----------------------------------+-----
Axes           | 3 4 5 7 9 11 13 | 13.4
Shields        | 4 5 6 7 8 |  8.0
Armour         | 4 5 6 |  6.9
Dodging        | 1 2 3 |  3.5
Fighting       | 4 5 7 8 |  8.3
Invocations    | 3 5 7 8 |  8.0
Charms         | 1 2 |  2.2
Stealth        | |  0.2

Action                   |  1- 3 |  4- 6 |  7- 9 | 10-12 || total
-------------------------+-------+-------+-------+-------++-------
Melee: War axe           |   107 |   171 |   307 |   455 ||  1040
Throw: Tomahawk          |       |       |       |     4 ||     4
       Throwing net      |       |       |       |     2 ||     2
Invok: Heroism           |       |       |     9 |     7 ||    16
  Use: Potion            |       |     1 |    10 |     2 ||    13
       Scroll            |       |       |     7 |    10 ||    17
  Eat: Chunk             |     2 |     5 |     3 |    14 ||    24
       Fruit             |       |     2 |       |     5 ||     7
       Bread ration      |       |       |     2 |       ||     2
Armor: Scale mail        |    51 |    74 |   165 |   139 ||   429
Dodge: Dodged            |    42 |    42 |   112 |   150 ||   346
Block: Shield            |    80 |    72 |   170 |   218 ||   540

Table legend:
 A = Spawn XP
 B = Non-spawn XP
 C = Spawn XP percentage of total XP
 D = Spawn monster count
 E = Non-spawn monster count
 F = Spawn count percentage of total count
 G = Total turns spent on level
                    A         B        C        D         E        F      G
               +---------+---------+-------+---------+---------+-------+---------
         Total |     794 |   10526 |   7.0 |       1 |     289 |   0.3 |  9884
               +---------+---------+-------+---------+---------+-------+---------
           D:1 |       0 |      43 |   0.0 |       0 |      25 |   0.0 |   778
           D:2 |       0 |      32 |   0.0 |       0 |      12 |   0.0 |   533
           D:3 |       0 |     222 |   0.0 |       0 |      22 |   0.0 |  1572
           D:4 |       0 |     736 |   0.0 |       0 |      24 |   0.0 |  1224
           D:5 |       0 |     888 |   0.0 |       0 |      30 |   0.0 |   854
           D:6 |       0 |    2266 |   0.0 |       0 |      34 |   0.0 |  1351
           D:7 |       0 |    1744 |   0.0 |       0 |      50 |   0.0 |  1507
           D:8 |       0 |    4387 |   0.0 |       0 |      87 |   0.0 |  1537
           D:9 |       0 |     208 |   0.0 |       0 |       5 |   0.0 |   164
       Abyss:2 |     794 |       0 | 100.0 |       1 |       0 | 100.0 |    87
               +---------+---------+-------+---------+---------+-------+---------
